 Dungeon Crawl Stone Soup version 0.28.0-49-g6dfe1f597d (webtiles) character file.

Game seed: 7943596842018428389

450 Eitelfritz the Chopper (level 6, -1/78 HPs)
             Began as a Minotaur Gladiator on May 13, 2022.
             Slain by Prince Ribbit (8 damage)
             ... on level 5 of the Dungeon.
             The game lasted 00:06:36 (2218 turns).

Eitelfritz the Chopper (Minotaur Gladiator)         Turns: 2218, Time: 00:06:37

Health: -1/78      AC: 12    Str: 19    XL:     6   Next: 74%
Magic:  5/5        EV:  9    Int:  5    God:
Gold:   127        SH:  0    Dex: 19    Spells: 5/5 levels left

rFire   . . .      SeeInvis .   a - +0 war axe
rCold   . . .      Faith    .   (no shield)
rNeg    . . .      Spirit   .   n - +0 chain mail
rPois   +          Reflect  .   c - +0 hat
rElec   .          Harm     .   q - +0 cloak
rCorr   .          Rampage  .   s - +1 pair of gloves
Will    .....                   (no boots)
Stlth   ..........              f - amulet of regeneration
HPRegen 1.03/turn               g - ring of poison resistance
MPRegen 0.09/turn               m - +6 ring of dexterity

@: berserking, very quick
A: horns 2, retaliatory headbutt
a: no special abilities


You were on level 5 of the Dungeon.
You visited 1 branch of the dungeon, and saw 5 of its levels.

You collected 157 gold pieces.
You spent 30 gold pieces at shops.

Inventory:

Hand Weapons
 a - a +0 war axe (weapon)
 k - a +1 mace of holy wrath
 z - a +0 flail
Missiles
 d - a throwing net (quivered)
 i - 8 poisoned darts
 j - 3 curare-tipped darts
Armour
 c - a +0 hat (worn)
 n - a +0 chain mail (worn)
 q - a +0 cloak (worn)
 s - a +1 pair of gloves (worn)
Jewellery
 f - an amulet of regeneration (around neck)
 g - a ring of poison resistance (left hand)
 m - a +6 ring of dexterity (right hand)
 u - a ring of wizardry
 w - a +6 ring of intelligence
Scrolls
 e - a scroll of identify
 l - 2 scrolls of immolation
Potions
 h - a potion of berserk rage
 p - 2 potions of curing
 v - a potion of magic
 x - a potion of might


   Skills:
 + Level 4.0 Fighting
 + Level 7.3 Axes
 + Level 2.3 Throwing
 + Level 3.0 Armour
 + Level 3.8 Dodging
 + Level 0.6 Stealth


You had 5 spell levels left.
You didn't know any spells.
Your spell library contained the following spells:

 Spells                   Type           Power      Damage    Failure   Level
 Foxfire                  Conj/Fire      0%         2x1d4     99%         1
 Blink                    Tloc           0%         N/A       100%        2
 Conjure Flame            Conj/Fire      0%         6-21      100%        3
 Gell's Gravitas          Tloc           0%         N/A       100%        3
 Inner Flame              Hex/Fire       0%         N/A       100%        3
 Lesser Beckoning         Tloc           0%         N/A       100%        3
 Teleport Other           Tloc           0%         N/A       100%        3
 Flame Wave               Conj/Fire      0%         2d4       100%        4
 Freezing Cloud           Conj/Ice/Air   0%         6-21      100%        5
 Manifold Assault         Tloc           0%         N/A       100%        5
 Dispersal                Tloc           0%         N/A       100%        6
 Simulacrum               Ice/Necr       0%         N/A       100%        6
 Polar Vortex             Ice            0%         N/A       100%        9


Dungeon Overview and Level Annotations

Branches:
Dungeon (5/15)
 Temple: D:4-7

Altars:
Vehumet

Shops:
D:2 !   D:4 (

Annotations:
D:5 Prince Ribbit


Innate Abilities, Weirdness & Mutations

You have a pair of horns on your head.
You reflexively headbutt those who attack you in melee.


Message History

The centaur zombie kicks you but does no damage.
The centaur zombie completely misses you.
The centaur zombie closely misses you.
You hit the centaur zombie.
The centaur zombie is heavily damaged.
The centaur zombie hits you but does no damage.
The centaur zombie closely misses you.
You hit the centaur zombie but do no damage.
The centaur zombie is heavily damaged.
The centaur zombie misses you. The centaur zombie barely misses you.
Prince Ribbit misses you. The centaur zombie hits you.
The centaur zombie closely misses you.
You hit the centaur zombie.
The centaur zombie is severely damaged.
You hit Prince Ribbit. Prince Ribbit hits you.
The centaur zombie closely misses you.
The centaur zombie kicks you but does no damage.
Prince Ribbit hits you!
You slash the centaur zombie! You headbutt the centaur zombie.
The centaur zombie is almost destroyed.
You hit Prince Ribbit.
The centaur zombie completely misses you. x2
Prince Ribbit hits you!
The centaur zombie hits you but does no damage.
The centaur zombie barely misses you.
You hit the centaur zombie.
You destroy the centaur zombie!
You miss Prince Ribbit. Prince Ribbit completely misses you.
Prince Ribbit blinks!
You completely miss Prince Ribbit.
Prince Ribbit is lightly wounded.
Prince Ribbit hits you! x2
* * * LOW HITPOINT WARNING * * *
You closely miss Prince Ribbit.
Prince Ribbit is lightly wounded.
Prince Ribbit hits you!
* * * LOW HITPOINT WARNING * * *
A red film seems to cover your vision as you go berserk!
You feel yourself moving faster!
You feel mighty! Prince Ribbit hits you!
You die...

........... ...
..........##
.(.#.......☼☼.#
..#...?○._.○.#
#..#.........#
##..#.....☼.... .
##...#..##...# ..
#............#
...#......#..@..#
.........##.F....#
#.........#...#...#
.#....<.###.........
##....## ##.....#..
##...# ##...## .
##.## #### ##


You could see Prince Ribbit.

Vanquished Creatures
  A necrophage (D:4)
  A kobold brigand (D:4)
  A water moccasin zombie (D:4)
  A centaur zombie (D:5)
  An orc priest (D:4)
  2 iguanas
  An orc wizard (D:4)
  2 adders
  2 worms
  3 dart slugs
  5 orcs (D:4)
  3 bats
  5 endoplasms
  4 giant cockroaches
  4 goblins
  4 hobgoblins
  3 jackals (D:4)
  4 quokkas
  6 ball pythons
  2 frilled lizards
  10 kobolds
  5 rats
70 creatures vanquished.

Notes
Turn   | Place    | Note
-------+----------+-------------------------------------------
     0 | D:1      | Eitelfritz the Minotaur Gladiator began the quest for the
                  | Orb.
     0 | D:1      | Reached XP level 1. HP: 18/18 MP: 0/0
   228 | D:1      | Reached XP level 2. HP: 25/25 MP: 1/1
   273 | D:1      | Reached skill level 4 in Axes
   296 | D:1      | You fall into a shaft and drop 1 floor!
   591 | D:1      | Reached XP level 3. HP: 30/30 MP: 2/2
   790 | D:2      | Reached skill level 1 in Armour
   903 | D:2      | Found Godwim's Distillery.
   912 | D:2      | Bought a potion of curing for 30 gold pieces
  1190 | D:3      | Reached XP level 4. HP: 36/37 MP: 3/3
  1486 | D:3      | Reached skill level 5 in Axes
  1658 | D:4      | Noticed a necrophage
  1667 | D:4      | Killed a necrophage
  1668 | D:4      | Reached XP level 5. HP: 45/45 MP: 4/4
  1681 | D:4      | Found Genac's Weapon Emporium.
  1760 | D:4      | Reached skill level 6 in Axes
  1760 | D:4      | Reached XP level 6. HP: 49/51 MP: 5/5
  1827 | D:4      | Reached skill level 7 in Axes
  1876 | D:4      | Found a faded altar of an unknown god.
  2196 | D:5      | Entered Level 5 of the Dungeon
  2199 | D:5      | Noticed Prince Ribbit
  2206 | D:5      | Found a radiant altar of Vehumet.
  2218 | D:5      | Slain by Prince Ribbit

Illustrated notes

Levels and vault maps discovered:
D:1:      amcnicky_arrival_choice, layout_loops_ring
D:2:      minmay_evil_eye, layout_rooms, serial_shops,
          nicolae_shop_advertising_works [nicolae_subvault_shop_adworks]
D:3:      layout_basic
D:4:      layout_cave_pools, serial_shops, shop, serial_column_ruins,
          column_ruins_hut_pillars, column_ruins_temple_circle,
          column_ruins_grid_1, column_ruins_open_tiny, column_ruins_grid_3,
          column_ruins_columns_straight, minmay_misc_feat_encased,
          small_statue_intersection, st_stairs_11
D:5:      layout_cave_pools, fiery_altar_vehumet, serial_shops,
          nicolae_square_shop, grunt_ministairs_14, uniq_edmund, uniq_eustachio,
          uniq_sigmund, uniq_prince_ribbit1, uniq_crazy_yiuf_cottage

Skill      XL: |  1  2  3  4  5  6 |
---------------+-------------------+-----
Axes           | 4 5 6 7 |  7.3
Armour         | 1 2 3 |  3.0
Fighting       | 3 4 |  4.0
Throwing       | |  2.3
Dodging        | |  3.8
Stealth        | |  0.6

Action                   |  1- 3 |  4- 6 || total
-------------------------+-------+-------++-------
Melee: War axe           |    57 |    66 ||   123
       Headbutt          |     7 |    16 ||    23
       Punch             |     1 |     2 ||     3
Throw: Throwing net      |       |     2 ||     2
  Use: Scroll            |       |     9 ||     9
       Potion            |       |     1 ||     1
 Stab: Sleeping          |     1 |       ||     1
Armor: Leather armour    |    12 |       ||    12
       Chain mail        |    14 |    40 ||    54
Dodge: Dodged            |    33 |    55 ||    88
